 Dungeon Crawl Stone Soup version 0.16.1-11-g651b585 (webtiles) character file.

182 Kogarivpeit the Caller (level 5, -14/28 HPs)
             Began as a Deep Elf Summoner on Mar 31, 2015.
             Demolished by a small abomination (22 damage)
             ... summoned by miscasting Summon Lightning Spire
             ... on level 4 of the Dungeon.
             The game lasted 00:43:43 (3714 turns).

Kogarivpeit the Caller (Deep Elf Summoner)          Turns: 3714, Time: 00:43:43

Health: -14/28     AC:  3    Str:  5    XL:     5   Next: 34%
Magic:  16/19      EV: 13    Int: 21    God:
Gold:   202        SH:  0    Dex: 15    Spells: 4 memorised, 4 levels left

rFire  . . .     SeeInvis .     A - +0 short sword (venom)
rCold  . . .     Clarity  .     h - +0 robe
rNeg   . . .     SustAb   .     (no shield)
rPois  .         Gourm    .     (no helmet)
rElec  .         Spirit   .     (no cloak)
rCorr  .         Warding  .     (no gloves)
rMut   .         Stasis   .     x - +0 pair of boots
MR     .....                    (no amulet)
Stlth  ++........               (no ring)
                                (no ring)

@: very slightly contaminated, not resistant to hostile enchantments, unstealthy
A: no striking features
a: no special abilities


You were on level 4 of the Dungeon.
You were not hungry.

You visited 1 branch of the dungeon, and saw 4 of its levels.

You collected 235 gold pieces.
You spent 33 gold pieces at shops.

Inventory:

Hand weapons
 e - a +0 dagger
 A - a +0 short sword of venom (weapon)
Armour
 a - a +0 robe
 h - a +0 robe (worn)
 x - a +0 pair of boots (worn)
Jewellery
 y - an uncursed ring of positive energy {unknown}
Scrolls
 d - 2 scrolls of magic mapping {unknown}
 f - 5 scrolls of identify {unknown}
 g - 2 scrolls of blinking {unknown}
 k - 2 scrolls of enchant weapon {unknown}
 m - 5 scrolls of remove curse {unknown}
 n - a scroll of immolation {unknown}
 r - a scroll of enchant armour {unknown}
 t - 3 scrolls of teleportation {unknown}
 z - a scroll of fear {unknown}
 C - a scroll of amnesia {unknown}
Potions
 j - 2 potions of curing
 o - a potion of flight {unknown}
 p - a potion of mutation {unknown}
 q - a potion of cure mutation {unknown}
 s - a potion of haste {unknown}
 u - a potion of might {unknown}
 w - a potion of resistance {unknown}
 B - a potion of heal wounds {unknown}
Books
 b - a book of Callings

   Spells                             Type                      Level
   a - Summon Small Mammal            Summoning                    1
   b - Call Imp                       Summoning                    2
   c - Call Canine Familiar           Summoning                    3
   d - Summon Guardian Golem          Hexes/Summoning              4
   e - Summon Lightning Spire         Summoning/Air                4
   f - Summon Ice Beast               Ice/Summoning                4
Comestibles
 c - 3 bread rations
 i - 7 chunks of flesh
 l - a meat ration
 v - a royal jelly


   Skills:
 - Level 2.4 Dodging
 - Level 2.5 Stealth
 + Level 5.1 Spellcasting
 + Level 6.3 Summonings


You had 4 spell levels left.
You knew the following spells:

 Your Spells              Type           Power        Failure   Level  Hunger
a - Summon Small Mammal   Summ           ####         1%          1    None
b - Call Imp              Summ           ####....     1%          2    None
c - Call Canine Familiar  Summ           ####....     2%          3    ##.....
d - Summon Lightning Spi  Summ/Air       ###.....     34%         4    ####...


Dungeon Overview and Level Annotations

Branches:
Dungeon (4/15)
 Temple: D:4-7

Altars:
Elyvilon
Okawaru

Shops:
D:4 !


Message History

The kobold throws a stone.
The stone hits you but does no damage.
You see here a stone.
The kobold throws a stone.
The stone misses you.
You see here a stone.
Casting: Summon Lightning Spire
Confirm with . or Enter, or press ? or * to list all spells.
Aiming: Summon Lightning Spire
Press: ? - help, Dir - move target cursor You miscast Summon Lightning Spire.
You are very lightly contaminated with residual magic.
A chorus of moans calls out to you!
You see here a stone.
The small abomination hits you!
Ouch! That really hurt!
The small abomination hits you.
* * * LOW HITPOINT WARNING * * *
The small abomination closely misses you.
The small abomination hits you!!
Ouch! That really hurt!
You die...

#.......##+##+#.........##
###+##'###.#.....##'##+###
#.......+..+.....+........
###+##'###.#.....##.##.###
#........#.#...####.##.###
#........'.'...+..........
#........###...#.##.######
##+###+#.......#.##.###### #.
+.@.....+..........
#..#####x......#..>..##.##
####......Kxx......###...###.
..........(........# #...# #.
...................# #...###.
...#######....##### #....###
. #....# #....# #....# #....#
#....# #....#


You could see 3 small abominations and a kobold.

Vanquished Creatures
  A giant cockroach (D:4)
1 creature vanquished.

Vanquished Creatures (collateral kills)
  A giant frog (D:3)
  An orc priest (D:4)
  A worker ant (D:4)
  A giant frog skeleton (D:4)
  An orc wizard (D:4)
  5 adders
  4 worms
  3 giant geckos
  An ooze (D:2)
  9 orcs
  3 ball pythons
  14 bats
  A bat skeleton (D:4)
  4 giant cockroaches
  7 goblins
  11 hobgoblins
  A jackal (D:2)
  6 kobolds
  A quokka (D:4)
  2 giant newts (D:2)
  10 rats
87 creatures vanquished.

Vanquished Creatures (others)
  3 hounds
  2 white imps (D:3)
  A quokka (D:1)
  2 bats (D:1)
  3 rats (D:1)
11 creatures vanquished.

Grand Total: 99 creatures vanquished

Notes
Turn   | Place    | Note
--------------------------------------------------------------
     0 | D:1      | Kogarivpeit, the Deep Elf Summoner, began the quest for the Orb.
     0 | D:1      | Reached XP level 1. HP: 10/10 MP: 5/5
   299 | D:1      | Reached XP level 2. HP: 15/15 MP: 6/8
   310 | D:1      | Learned a level 2 spell: Call Imp
   986 | D:2      | Reached skill level 5 in Summonings
  1395 | D:2      | Reached XP level 3. HP: 19/19 MP: 6/11
  1400 | D:2      | Learned a level 3 spell: Call Canine Familiar
  1952 | D:3      | Noticed a giant frog
  1958 | D:3      | Killed a giant frog
  1958 | D:3      | Reached XP level 4. HP: 20/24 MP: 8/15
  2508 | D:3      | Found an iron altar of Okawaru.
  2727 | D:3      | Found a white marble altar of Elyvilon.
  2845 | D:4      | Found Wykuar Noomn's Distillery.
  2872 | D:4      | Bought a potion of curing for 33 gold pieces
  3101 | D:4      | Reached skill level 6 in Summonings
  3309 | D:4      | Reached XP level 5. HP: 26/28 MP: 10/18
  3489 | D:4      | Reached skill level 5 in Spellcasting
  3567 | D:4      | Learned a level 4 spell: Summon Lightning Spire
  3714 | D:4      | Demolished by a small abomination

Action                   |  1- 3 |  4- 6 || total
-------------------------+-------+-------++-------
Melee: Unarmed           |     5 |       ||     5
       Dagger            |     1 |       ||     1
       Short sword       |       |     2 ||     2
 Cast: Summon Small Mamm |    24 |       ||    24
       Call Imp          |    32 |    22 ||    54
       Call Canine Famil |     6 |    17 ||    23
       Summon Lightning  |       |     1 ||     1
  Eat: Chunk             |     4 |     7 ||    11
